Map: Jagannatha LE

Players

ShoWTimE - Winner!

  • Race: Protoss Protoss

GunGFuBanDa

  • Race: Protoss Protoss

Event: DreamHack SC2 Masters 2021 Fall

VOD

Have the link to the VOD?

Description

Time

  • Played on: Aug. 6, 2021, 1:04 p.m.
  • Length: 15:29

All games in this series

Show
View Real Time Build Order
Export as new Build Order

ShoWTimE Protoss - Winner!

Build Orders:  

Get SALT Encoding   

  12  0:00  Probe  
  13  0:12  Probe  
  14  0:17  Pylon  
  14  0:24  Probe (Chrono Boost)  
  15  0:36  Probe (Chrono Boost)  
  15  0:37  Gateway  
  16  0:44  Probe (Chrono Boost)  
  16  0:46  Assimilator  
  17  0:50  Probe  
  18  1:03  Probe (Chrono Boost)  
  19  1:04  Assimilator  
  19  1:11  Gateway  
  19  1:13  Probe (Chrono Boost)  
  20  1:18  Probe (Chrono Boost)  
  20  1:24  Cybernetics Core  
  21  1:28  Zealot  
  23  1:42  Pylon  
  23  2:01  Stargate  
  23  2:02  Shield Battery  
  25  2:28  Nexus  
  23  2:35  Void Ray (Chrono Boost)  
  25  3:02  Void Ray (Chrono Boost)  
  24  3:11  Pylon  
Show
View Real Time Build Order
Export as new Build Order

GunGFuBanDa Protoss 

Build Orders: Cannon Rush 

Get SALT Encoding   

  12  0:00  Probe  
  13  0:12  Probe  
  14  0:16  Pylon  
  14  0:24  Probe (Chrono Boost)  
  15  0:36  Probe (Chrono Boost)  
  15  0:38  Forge  
  16  0:45  Probe (Chrono Boost)  
  17  1:07  Pylon  
  17  1:15  Pylon  
  17  1:17  Pylon  
  17  1:22  Pylon  
  17  1:25  Photon Cannon  
  17  1:27  Gateway  
  17  1:35  Probe  
  18  1:42  Photon Cannon  
  18  1:51  Photon Cannon  
  18  1:53  Pylon  
  18  2:06  Probe  
  18  2:08  Assimilator, Photon Cannon  
  19  2:12  Photon Cannon  
  19  2:18  Photon Cannon  
  19  2:28  Cybernetics Core  
  19  2:32  Probe  
  20  2:38  Zealot  
  22  2:44  Probe  
  22  2:50  Assimilator  
  23  3:04  Stalker (Chrono Boost)  

Tags
 
Add a new tag
Caveats
  • Supply blocks, unpowered buildings, or Contaminate may cause inaccurate times.
  • Supply counts are checked every 10 seconds.